 Dungeon Crawl Stone Soup version 0.31-a0-174-g85c54bcb58 (webtiles) character file.

Game seed: 5897988013362735408

581 qw the Shooter (level 7, -1/43 HPs)
             Began as a Gargoyle Hunter on June 15, 2023.
             Slain by a gnoll
             ... wielding a +2 halberd of protection
              (7 damage)
             ... on level 5 of the Dungeon.
             The game lasted 00:01:30 (3323 turns).

qw the Shooter (Gargoyle Hunter)                    Turns: 3323, Time: 00:01:30

Health: -1/43      AC: 10    Str: 15    XL:     7   Next: 36%
Magic:  7/7        EV: 11    Int:  9    God:
Gold:   280        SH:  0    Dex: 15    Spells: 6/6 levels left

rFire   . . .        Y - +1 shortbow
rCold   . . .        (shield currently unavailable)
rNeg    + . .        f - +0 ring mail
rPois   inf          (no helmet)
rElec   +            (no cloak)
rCorr   .            (no gloves)
SInv    +            (no boots)
Will    .....        h - amulet of regeneration
Stlth   +            g - ring of see invisible
HPRegen 1.07/turn    (no ring)
MPRegen 0.10/turn

%: no passive effects
@: no status effects
A: sickness immunity, AC +4, negative energy resistance 1, electricity
resistance, torment resistance 1, petrification resistance
a: no special abilities


You were on level 5 of the Dungeon.
You visited 1 branch of the dungeon, and saw 5 of its levels.

You collected 280 gold pieces.


Innate Abilities, Weirdness & Mutations

You are immune to sickness and miasma.
Your stone body is resilient. (AC +4)
You are immune to poison.
You resist negative energy. (rN+)
You are resistant to electric shocks. (rElec)
You are resistant to unholy torment.
You are immune to petrification.


   Skills:
 - Level 4.1 Fighting
 + Level 7.9 Ranged Weapons
 - Level 1.0 Armour
 - Level 1.5 Dodging
 - Level 1.1 Stealth


You had 6 spell levels left.
You didn't know any spells.
Your spell library was empty.

Inventory:

Hand Weapons
 Y - a +1 shortbow (weapon)
Armour
 f - a +0 ring mail (worn)
Jewellery
 g - a ring of see invisible (left hand)
 h - an amulet of regeneration (around neck)
Scrolls
 a - 2 scrolls of identify
 c - a scroll of summoning {unknown}
Potions
 b - a potion of curing
 d - a potion of lignification
 i - a potion of resistance {unknown}
 j - 2 potions of might
 k - a potion of enlightenment {unknown}

Dungeon Overview and Level Annotations

Branches:
Dungeon (5/15)
 Temple: D:4-7

Altars:
Zin


Message History

The gnoll sergeant hits you from afar with a +0 trident!
The gnoll closely misses you.
You shoot an arrow. The arrow hits the iguana.
The iguana is moderately wounded.
The gnoll sergeant closely misses you. The iguana barely misses you.
The gnoll hits you but does no damage.
You shoot an arrow. The arrow hits the iguana.
The iguana is moderately wounded.
The gnoll misses you. The iguana misses you.
The gnoll sergeant barely misses you.
You shoot an arrow.
The arrow hits the iguana but does no damage.
The iguana is moderately wounded.
The gnoll closely misses you.
The iguana bites you but does no damage.
The gnoll sergeant hits you from afar with a +0 trident.
You shoot an arrow. The arrow hits the iguana!
The iguana is almost dead.
The gnoll sergeant hits you but does no damage.
The gnoll hits you from afar with a +0 spear.
The iguana barely misses you.
You shoot an arrow. The arrow barely misses the iguana.
The arrow barely misses the gnoll sergeant.
The arrow closely misses the gnoll.
The gnoll sergeant hits you from afar with a +0 trident.
The gnoll misses you. The iguana barely misses you.
The gnoll sergeant hits you but does no damage.
The gnoll closely misses you. The iguana barely misses you.
You shoot an arrow. The arrow hits the iguana.
You kill the iguana!
The gnoll hits you but does no damage. The gnoll sergeant closely misses you.
You shoot an arrow. The arrow barely misses the gnoll.
The arrow hits the gnoll sergeant but does no damage.
The gnoll sergeant hits you but does no damage.
The gnoll closely misses you.
You shoot an arrow. The arrow hits the gnoll!
The gnoll is heavily wounded.
The gnoll sergeant barely misses you.
The gnoll hits you from afar with a +2 halberd of protection!
You die...

### #.......# ..#
#..####.# #.# #..# #.#
#.# #..####.# #.#
#.....#.# P #.#
#.##..#.#
...#######.#####.#...#.#
....gg.g................
#.#.g.@.#######.......#
#.g##.# ####..### #. #.#
########.# # #.#
#........# ..#
#.######.# ### ####.#
#....# #.##.# # #.#


You could see a gnoll sergeant and 4 gnolls.

Vanquished Creatures
  A water moccasin (D:5)
  A scorpion (D:4)
  A howler monkey (D:5)
  An orc priest (D:4)
  Natasha (thrice) (D:4)
  2 iguanas
  An orc wizard (D:3)
  10 adders
  A white imp (D:5)
  A worm (D:2)
  3 dart slugs
  9 orcs
  12 endoplasms
  2 giant cockroaches
  6 goblins
  5 hobgoblins
  6 jackals (D:1)
  3 quokkas
  5 ball pythons
  7 bats
  3 frilled lizards
  5 kobolds
  6 rats
94 creatures vanquished.

Notes
Turn   | Place    | Note
-------+----------+-------------------------------------------
     0 | D:1      | qw the Gargoyle Hunter began the quest for the Orb.
     0 | D:1      | Reached XP level 1. HP: 12/12 MP: 1/1
     0 | D:1      | 0 ||| qw: Version: 0.2-a-29-g511e9b1
     0 | D:1      | 0 ||| qw: Game counter: 5469
     0 | D:1      | 0 ||| qw: Always use a shield: true
     0 | D:1      | 0 ||| qw: God list: Okawaru
     0 | D:1      | 0 ||| qw: Allow faded altars: false
     0 | D:1      | 0 ||| qw: Do Orc after D:15 true
     0 | D:1      | 0 ||| qw: Do second Lair branch before Depths: true
     0 | D:1      | 0 ||| qw: Lair rune preference: random
     0 | D:1      | 0 ||| qw: Plans: Normal, Zot:1-4, Slime:5, God:TSO, Crypt,
                  | Tomb, Abyss, Pan, Hells, Win
     0 | D:1      | 0 ||| PLANNING D:1-11
    98 | D:1      | Reached XP level 2. HP: 17/17 MP: 2/2
   390 | D:1      | Reached XP level 3. HP: 21/21 MP: 3/3
   395 | D:1      | Reached skill level 5 in Ranged Weapons
   574 | D:1      | 574 ||| UPGRADING to ring of see invisible.
   575 | D:1      | 575 ||| READING scroll labelled LUNAEFUEFU.
   576 | D:1      | 576 ||| READING scroll labelled GAETUG QUENOCOA.
   577 | D:1      | 577 ||| READING scroll labelled LANKEA PIDUIW.
   578 | D:1      | 578 ||| READING scroll labelled PUOBEAZETO.
   579 | D:1      | 579 ||| DRINKING 2 white potions.
   580 | D:1      | 580 ||| DRINKING 3 murky black potions.
   581 | D:1      | 581 ||| DROPPING scroll of butterflies.
   582 | D:1      | 582 ||| DROPPING potion of invisibility.
   670 | D:2      | Reached skill level 3 in Fighting
   670 | D:2      | 670 ||| FLEEEEING.
   750 | D:2      | Reached XP level 4. HP: 26/28 MP: 4/4
  1333 | D:2      | 1333 ||| UPGRADING to +0 ring mail.
  1343 | D:2      | 1343 ||| DROPPING +0 leather armour.
  1344 | D:2      | 1344 ||| UPGRADING to amulet of regeneration.
  1349 | D:2      | 1349 ||| READING scroll labelled YMUUMN MYLI.
  1350 | D:2      | 1350 ||| READING scroll labelled HOSEXI OSKUSTE.
  1351 | D:2      | 1351 ||| READING scroll labelled IMIODE BOTS.
  1352 | D:2      | 1352 ||| DRINKING 2 puce potions.
  1409 | D:3      | Reached XP level 5. HP: 32/32 MP: 5/5
  1573 | D:3      | Reached skill level 1 in Armour
  2033 | D:3      | 2033 ||| READING scroll labelled IWOECREKLI.
  2050 | D:4      | Reached skill level 6 in Ranged Weapons
  2065 | D:4      | 2065 ||| STAIRDANCE
  2322 | D:4      | Reached XP level 6. HP: 38/38 MP: 6/6
  2383 | D:4      | Noticed Natasha
  2384 | D:4      | 2384 ||| Stepping ~*~*~tactically~*~*~ (outnumbered).
  2396 | D:4      | Killed Natasha
  2456 | D:4      | 2456 ||| FLEEEEING.
  2457 | D:4      | 2457 ||| FLEEEEING.
  2458 | D:4      | 2458 ||| FLEEEEING.
  2459 | D:4      | 2459 ||| FLEEEEING.
  2460 | D:4      | 2460 ||| FLEEEEING.
  2461 | D:4      | 2461 ||| FLEEEEING.
  2462 | D:4      | 2462 ||| FLEEEEING.
  2464 | D:4      | 2464 ||| FLEEEEING.
  2557 | D:4      | Noticed Natasha
  2560 | D:4      | Killed Natasha
  2815 | D:4      | Noticed Natasha
  2817 | D:4      | 2817 ||| Stepping ~*~*~tactically~*~*~ (outnumbered).
  2819 | D:4      | 2819 ||| Stepping ~*~*~tactically~*~*~ (outnumbered).
  2839 | D:4      | Killed Natasha
  2840 | D:4      | Reached skill level 7 in Ranged Weapons
  2978 | D:4      | Found a glowing silver altar of Zin.
  2995 | D:4      | 2995 ||| DROPPING amulet of guardian spirit.
  2996 | D:4      | 2996 ||| READING 3 scrolls of identify.
  2996 | D:4      | 2996 ||| IDENTIFYING sedimented yellow potion
  2997 | D:4      | 2997 ||| READING 2 scrolls of identify.
  2997 | D:4      | 2997 ||| IDENTIFYING golden potion
  2998 | D:4      | 2998 ||| DROPPING potion of berserk rage.
  3050 | D:5      | Entered Level 5 of the Dungeon
  3063 | D:5      | Reached XP level 7. HP: 41/43 MP: 7/7
  3315 | D:5      | HP: 9/43 [gnoll sergeant/+0 trident (11)]
  3320 | D:5      | HP: 3/43 [gnoll sergeant/+0 trident (6)]
  3323 | D:5      | Slain by a gnoll

Levels and vault maps discovered:
D:1:      dpeg_arrival_rooms_with_view, layout_loops_ring
D:2:      layout_basic, grunt_ministairs_1, minmay_cupped
D:3:      layout_loops_ring
D:4:      layout_cave_pods, zin_academy, uniq_natasha
D:5:      layout_loops_corners, slow_altar_1, amethyst_killhole,
          nicolae_grassy_gnolls

Skill      XL: |  1  2  3  4  5  6 |
---------------+-------------------+-----
Ranged Weapons | 5 6 7 |  7.9
Fighting       | 3 4 |  4.1
Armour         | 1 |  1.0
Dodging        | |  1.5
Stealth        | |  1.1

Action                     |  1- 3 |  4- 6 |  7- 9 || total
---------------------------+-------+-------+-------++-------
   Fire: Shortbow          |   108 |   200 |    36 ||   344
    Use: Scroll            |     4 |     6 |       ||    10
         Potion            |     2 |     1 |       ||     3
 Armour: Leather armour    |    30 |     5 |       ||    35
         Ring mail         |       |    51 |    18 ||    69
  Dodge: Dodged            |    39 |    59 |    29 ||   127

Table legend:
 A = Non-vault XP
 B = Vault XP
 C = Vault XP percentage of total XP
 D = Non-vault monster count
 E = Vault monster count
 F = Vault count percentage of total count
                 A         B        C        D         E       F
            +---------+---------+-------+---------+---------+-------
      Total |     749 |      82 |   9.9 |      86 |       8 |   8.5
            +---------+---------+-------+---------+---------+-------
        D:1 |      43 |       3 |   6.5 |      22 |       2 |   8.3
        D:2 |      75 |      43 |  36.4 |      24 |       5 |  17.2
        D:3 |      93 |       0 |   0.0 |      19 |       0 |   0.0
        D:4 |     275 |      36 |  11.6 |      16 |       1 |   5.9
        D:5 |     263 |       0 |   0.0 |       5 |       0 |   0.0
            +---------+---------+-------+---------+---------+-------
